 Dungeon Crawl Stone Soup version 0.17.1-3-g152610e (webtiles) character file.

132 Gargoyl the Skirmisher (level 4, 0/37 HPs)
             Began as a Demonspawn Abyssal Knight on Mar 17, 2016.
             Was a Believer of Lugonu.
             Slain by Natasha (4 damage)
             ... on level 2 of the Dungeon.
             The game lasted 00:06:37 (2091 turns).

Gargoyl the Skirmisher (Demonspawn Abyssal Knight)  Turns: 2091, Time: 00:06:37

Health: 0/37       AC: 16    Str: 13    XL:     4   Next: 92%
Magic:  6/6        EV:  9    Int: 13    God:    Lugonu [**....]
Gold:   123        SH:  0    Dex: 18    Spells: 0 memorised, 3 levels left

rFire  . . .     SeeInvis .     a - +1 hand axe
rCold  . . .     Clarity  .     t - +0 plate armour
rNeg   . . .     SustAt   .     (no shield)
rPois  .         Gourm    .     d - +2 helmet
rElec  .         Spirit   .     (no cloak)
rCorr  .         Warding  .     r - +0 pair of gloves
rMut   .         Stasis   .     (no boots)
MR     .....                    (no amulet)
Stlth  ..........               (no ring)
                                (no ring)

@: agile, slowed, very slow, not resistant to hostile enchantments, extremely
unstealthy
A: icy blue scales 1
a: Depart the Abyss, Bend Space, Renounce Religion


You were on level 2 of the Dungeon.
You worshipped Lugonu.
Lugonu was pleased with you.
You were not hungry.

You visited 1 branch of the dungeon, and saw 2 of its levels.
You visited the Abyss 1 time.

You collected 123 gold pieces.

Inventory:

Hand Weapons
 a - a +1 hand axe (weapon)
Missiles
 s - 7 tomahawks (quivered)
Armour
 d - a +2 helmet (worn)
 r - a +0 pair of gloves (worn)
 t - a +0 plate armour (worn)
Scrolls
 e - a scroll of noise
 g - a scroll of teleportation {unknown}
 k - 3 scrolls of identify
 l - a scroll of remove curse
Comestibles
 c - 2 bread rations
 o - 2 meat rations


   Skills:
 + Level 3.9 Fighting
 + Level 2.6 Axes
 + Level 2.5 Armour
 + Level 2.0 Dodging
 + Level 3.1 Invocations


You had 3 spell levels left.
You didn't know any spells.

Dungeon Overview and Level Annotations

Branches:
Dungeon (2/15)

Altars:
Nemelex Xobeh

Annotations:
D:2 Natasha


Innate Abilities, Weirdness & Mutations

You are partially covered in icy blue scales (AC +1).


Message History

The white imp hits you but does no damage.
Natasha growls.
Natasha zaps a wand.
The puff of flame hits you!
Drink which item? (? for menu, Esc to quit)
It was a potion of magic.
Magic courses through your body. The shadow imp hits you.
* * * LOW HITPOINT WARNING * * *
The crimson imp blinks!
The white imp gestures at you. The puff of frost misses you.
Natasha closely misses you.
You aren't carrying any potions.
You hit Natasha.
Natasha is almost dead.
You barely miss the white imp.
Your plate armour prevents you from hitting the shadow imp.
The crimson imp blinks!
The shadow imp hits you but does no damage.
The white imp hits you but does no damage.
Natasha claws you.
You die...

####............# ##.#.###.###
...# ###......(## ##>## #....
##.# #.......# #.# #####
############.### #.#
..............# #.#
###.####.#....####### #.########
⌠.#.#..#.##.........# #...>....#
..'.'..#.##..<#####.# #..####...
###.##+#.#....5§@h..####..####...
.........#......55..##..<........
###.##'#.#..........##.#..#..#...
..#.#..#.##§..####...........#...
..+.+..#.##.........##.#.#......#
'##.####.##...########.#....###.#
.........##..<# #.#.........
'##.####.###.#########.......#.#.
..#.#.)#.# #.#......##.#..##.#.#.


You could see Natasha, a crimson imp, a white imp and a shadow imp.

Vanquished Creatures
  Natasha (twice) (D:2)
  4 adders (D:2)
  A worm (D:2)
  2 giant geckos
  An orc (D:2)
  3 giant cockroaches
  6 hobgoblins
  A ball python (D:1)
  2 bats
  3 giant newts
  11 goblins
  4 jackals (D:2)
  3 kobolds
  18 rats
61 creatures vanquished.

Notes
Turn   | Place    | Note
--------------------------------------------------------------
     0 | Abyss:1  | Gargoyl the Demonspawn Abyssal Knight began the quest for the Orb.
     0 | Abyss:1  | Reached XP level 1. HP: 18/18 MP: 2/2
    52 | Abyss:1  | Noticed an angel
    70 | Abyss:1  | Noticed a lich
   108 | Abyss:1  | Noticed a vampire
   108 | Abyss:1  | Noticed a small abomination
   111 | Abyss:1  | Noticed a thrashing horror
   113 | D:1      | Escaped the Abyss
   209 | D:1      | Reached * piety under Lugonu
   219 | D:1      | Gained mutation: You are partially covered in icy blue scales (AC +1). [demonic ancestry]
   219 | D:1      | Reached XP level 2. HP: 16/24 MP: 3/3
   524 | D:1      | Reached skill level 1 in Dodging
   977 | D:1      | Reached XP level 3. HP: 29/29 MP: 5/5
  1066 | D:2      | Reached ** piety under Lugonu
  1314 | D:2      | Found a sparkling altar of Nemelex Xobeh.
  1369 | D:2      | Noticed Natasha
  1391 | D:2      | Reached XP level 4. HP: 13/36 MP: 6/6
  1415 | D:2      | Killed Natasha
  1915 | D:2      | Noticed Natasha
  1926 | D:2      | Killed Natasha
  1935 | D:2      | Noticed Natasha
  2091 | D:2      | Slain by Natasha

Action                   |  1- 3 |  4- 6 || total
-------------------------+-------+-------++-------
Melee: Hand axe          |   160 |    63 ||   223
Invok: Depart the Abyss  |     1 |       ||     1
  Use: Potion            |     1 |     6 ||     7
       Scroll            |       |     4 ||     4
  Eat: Chunk             |     2 |     3 ||     5
